 Dungeon Crawl Stone Soup version 0.21.0-22-g11d5b52 (webtiles) character file.

346 Hubbles the Cutter (level 6, 0/38 HPs)
             Began as a Kobold Skald on Jan 18, 2018.
             Was an Initiate of Trog.
             Slain by Edmund
             ... wielding a +0 flail of distortion
              (4 damage)
             ... on level 4 of the Dungeon.
             The game lasted 00:05:30 (3973 turns).

Hubbles the Cutter (Kobold Skald)                   Turns: 3973, Time: 00:05:30

Health: 0/38       AC:  7    Str:  8    XL:     6   Next: 90%
Magic:  9/9        EV: 15    Int: 14    God:    Trog [......]
Gold:   228        SH:  0    Dex: 17    Spells: 6/9 levels left

rFire    . . .     SeeInvis .   a - +0 short sword
rCold    + . .     Gourm    .   (shield restricted)
rNeg     . . .     Faith    .   l - +0 ring mail
rPois    .         Spirit   .   (no helmet)
rElec    .         Reflect  .   b - +0 cloak
rCorr    .         Harm     .   m - +0 pair of gloves
MR       .....                  (no boots)
Stlth    +.........             (no amulet)
HPRegen  0.12/turn              k - ring of protection from cold
MPRegen  0.11/turn              i - +1 ring of evasion

@: no status effects
A: small, carnivore
a: Burn Spellbooks, Renounce Religion


You were on level 4 of the Dungeon.
You worshipped Trog.
Trog was noncommittal.
You were completely stuffed.

You visited 2 branches of the dungeon, and saw 5 of its levels.

You collected 228 gold pieces.

Inventory:

Hand Weapons
 a - a +0 short sword (weapon)
Armour
 b - a +0 cloak (worn)
 l - a +0 ring mail (worn)
 m - a +0 pair of gloves (worn)
Jewellery
 i - a +1 ring of evasion (right hand)
 k - a ring of protection from cold (left hand)
Scrolls
 f - a scroll of remove curse
 g - 3 scrolls of identify
 j - a scroll of fear
 o - a scroll of blinking
Potions
 e - a potion of heal wounds
Comestibles
 d - 9 rations


   Skills:
 + Level 3.9 Fighting
 * Level 6.3 Short Blades
 - Level 2.3 Armour
 + Level 3.7 Dodging
 - Level 2.1 Spellcasting
 - Level 2.4 Charms


You had 6 spell levels left.
You knew the following spells:

 Your Spells              Type           Power        Failure   Level  Hunger
a - Infusion              Chrm           #...         26%         1    #......
b - Shroud of Golubria    Chrm/Tloc      #.........   54%         2    ###....


Dungeon Overview and Level Annotations

Branches:
Dungeon (4/15)             Temple (1/1) D:4

Altars:
Ashenzari
Cheibriados
Dithmenos
Elyvilon
Fedhas
Gozag
Hepliaklqana
Kikubaaqudgha
Okawaru
Qazlal
Ru
Sif Muna
Trog
Uskayaw
Vehumet
Xom
Yredelemnul
Zin
The Shining One

Annotations:
D:4 Edmund


Innate Abilities, Weirdness & Mutations

You are small and have problems with some larger weapons.
You are carnivorous and can eat meat at any time.


Message History

Edmund hits you with a flail of distortion.
You feel strangely stable.
Casting: Shroud of Golubria
Confirm with . or Enter, or press ? or * to list all spells.
Casting this spell will place you under penance.
Really cast? [Y]es or [N]o only, please.
Casting this spell will place you under penance.
Really cast?
Okay, then.
Unknown command.
You hit Edmund.
Edmund is almost dead.
You hit Edmund.
Edmund is almost dead.
Edmund hits you with a flail of distortion.
Space warps horribly around you!
* * * LOW HITPOINT WARNING * * *
You hit Edmund.
Edmund is almost dead.
Edmund hits you with a flail of distortion.
You die...

#...## #.## #...
#....###.# #...
#......#.# ##.. ..
#........# #.. ....
#........## ##. ....
#........)## #. #..#
##.........# ## #...###
##........## #
#.....####@........####
+.........@............
#.......####............
#.....######.......#####
#.....###.........##
........##8>8.......#
...###...####..##...##
.# #... #..##....# #...#
#..###...##


You could see Edmund.

Vanquished Creatures
  Grinder (D:3)
  5 adders
  3 gnolls (D:3)
  An ooze (D:1)
  2 dart slugs
  A leopard gecko (D:2)
  2 giant cockroaches
  9 goblins
  6 hobgoblins
  6 jackals
  2 kobolds
  A quokka (D:4)
  3 ball pythons (D:3)
  10 bats
  6 frilled lizards
  8 rats
66 creatures vanquished.

Notes
Turn   | Place    | Note
-------+----------+-------------------------------------------
     0 | D:1      | Hubbles the Kobold Skald began the quest for the Orb.
     0 | D:1      | Reached XP level 1. HP: 12/12 MP: 3/3
   148 | D:1      | Reached skill level 3 in Short Blades
   157 | D:1      | Reached skill level 1 in Armour
   162 | D:1      | Reached XP level 2. HP: 2/18 MP: 5/5
   476 | D:1      | Found a shattered altar of Ashenzari.
   729 | D:1      | Reached XP level 3. HP: 9/22 MP: 0/6
   733 | D:1      | Learned a level 2 spell: Shroud of Golubria
  1237 | D:2      | Reached skill level 4 in Short Blades
  1600 | D:2      | Reached XP level 4. HP: 24/27 MP: 7/7
  1820 | D:2      | Found a white marble altar of Elyvilon.
  2177 | D:3      | Noticed Grinder
  2186 | D:3      | Paralysed by Grinder for 5 turns
  2197 | D:3      | Killed Grinder
  2197 | D:3      | Reached skill level 5 in Short Blades
  2197 | D:3      | Reached XP level 5. HP: 10/33 MP: 8/8
  2197 | D:3      | Reached XP level 6. HP: 11/38 MP: 9/9
  2650 | D:3      | Reached skill level 6 in Short Blades
  3730 | D:4      | Found a staircase to the Ecumenical Temple.
  3739 | Temple   | Entered the Ecumenical Temple
  3823 | Temple   | Became a worshipper of Trog the Wrathful
  3935 | D:4      | Noticed Edmund
  3973 | D:4      | Slain by Edmund

Skill      XL: |  1  2  3  4  5  6 |
---------------+-------------------+-----
Short Blades   | 3 4 5 6 |  6.3
Armour         | 1 2 |  2.3
Fighting       | 3 |  3.9
Dodging        | 3 |  3.7
Spellcasting   | |  2.1
Charms         | |  2.4

Action                   |  1- 3 |  4- 6 || total
-------------------------+-------+-------++-------
Melee: Short sword       |   114 |   198 ||   312
 Cast: Infusion          |     5 |     2 ||     7
       Shroud of Golubri |     4 |     5 ||     9
Invok: Burn Spellbooks   |       |     1 ||     1
  Use: Potion            |     1 |     7 ||     8
       Scroll            |     3 |     7 ||    10
 Stab: Sleeping          |     1 |       ||     1
  Eat: Chunk             |    10 |     9 ||    19
Armor: Leather armour    |    22 |    13 ||    35
       Ring mail         |       |    39 ||    39
Dodge: Dodged            |   109 |   124 ||   233
